 Dungeon Crawl Stone Soup version 0.25.1-2-g60ff931df9 (webtiles) character file.

Game seed: 15810294365820962095

5987 solopath the Carver (level 10, -3/77 HPs)
             Began as a Demonspawn Gladiator on Oct 27, 2020.
             Was a Follower of Makhleb.
             Slain by a fire crab (4 damage)
             ... on level 8 of the Dungeon.
             The game lasted 00:17:11 (9570 turns).

solopath the Carver (Demonspawn Gladiator)          Turns: 9570, Time: 00:17:12

Health: -3/77      AC: 13    Str: 17    XL:     10   Next: 55%
Magic:  0/14       EV: 12    Int: 18    God:    Makhleb [*.....]
Gold:   108        SH:  0    Dex: 15    Spells: 9/9 levels left

rFire    + . .     SeeInvis .   a - +0 long sword
rCold    . . .     Gourm    .   (no shield)
rNeg     . . .     Faith    .   n - +0 swamp dragon scales
rPois    +         Spirit   +   (helmet restricted)
rElec    .         Reflect  .   q - +0 cloak
rCorr    .         Harm     .   r - +0 pair of gloves
MR       .....                  (no boots)
Stlth    ++........             j - amulet of guardian spirit
HPRegen  0.22/turn              z - ring of protection from fire
MPRegen  0.14/turn              l - +6 ring of intelligence

@: no status effects
A: antennae 1, beak, hooves 1, thin metallic scales 2, blink, demonic guardian
1, powered by pain 1, strong 1
a: Blink, Renounce Religion


You were on level 8 of the Dungeon.
You worshipped Makhleb.
Makhleb was aware of your devotion.
You were hungry.

You visited 2 branches of the dungeon, and saw 9 of its levels.

You collected 324 gold pieces.
You spent 216 gold pieces at shops.

Inventory:

Hand Weapons
 a - a +0 long sword (weapon)
Missiles
 d - 3 throwing nets (quivered)
Armour
 b - a +0 leather armour
 c - a +0 helmet
 n - +0 swamp dragon scales (worn)
 q - a +0 cloak (worn)
 r - a +0 pair of gloves (worn)
 B - a -1 chain mail
Jewellery
 j - an amulet of guardian spirit (around neck)
 l - a +6 ring of intelligence (right hand)
 z - a ring of protection from fire (left hand)
Wands
 y - a wand of random effects (22)
 E - a wand of disintegration (14)
 H - a wand of digging (3)
Scrolls
 e - 3 scrolls of remove curse
 h - 11 scrolls of identify
 i - a scroll of fear {unknown}
 k - 2 scrolls of blinking {unknown}
 o - a scroll of magic mapping {unknown}
 t - a scroll of silence {unknown}
 u - a scroll of enchant armour {unknown}
 v - 3 scrolls of amnesia {unknown}
 w - 2 scrolls of immolation {unknown}
 F - 5 scrolls of teleportation
 I - a scroll of noise {unknown}
 J - a scroll of enchant weapon {unknown}
Potions
 g - 2 potions of degeneration
 m - 4 potions of flight
 p - a potion of berserk rage
 s - a potion of ambrosia
 x - 2 potions of curing
 C - a potion of stabbing
 G - a potion of lignification
Comestibles
 f - 22 rations


   Skills:
 + Level 6.6 Fighting
 * Level 11.6 Long Blades
 - Level 1.7 Throwing
 + Level 4.2 Armour
 - Level 2.6 Dodging
 - Level 3.8 Stealth
 + Level 5.3 Invocations


You had 9 spell levels left.
You didn't know any spells.
Your spell library was empty.

Dungeon Overview and Level Annotations

Branches:
Dungeon (8/15)             Temple (1/1) D:7
   Lair: D:8-11

Altars:
Ashenzari
Cheibriados
Dithmenos
Elyvilon
Fedhas
Gozag
Hepliaklqana
Kikubaaqudgha
Makhleb
Nemelex Xobeh
Okawaru
Qazlal
Ru
Sif Muna
Trog
Uskayaw
Vehumet
Wu Jian
Xom
Yredelemnul
Zin
The Shining One

Shops:
D:2 *   D:4 [   D:8 *


Innate Abilities, Weirdness & Mutations

You have large cloven feet.
You are mostly covered in thin metallic scales. (AC +3)
A weak demonic guardian rushes to your aid.
You sometimes gain a little power by taking damage.
You have a pair of small antennae on your head.
You have a beak for a mouth.
You can translocate small distances at will.
Your muscles are strong. (Str +2)


Message History

You kick the fire crab, but do no damage.
Your peck misses the fire crab.
The fire crab is almost dead.
You are engulfed in blazing flames.
You resist.
* * * LOW HITPOINT WARNING * * *
The fire crab breathes flames at you. The blast of flame misses you.
You are engulfed in blazing flames.
You resist.
* * * LOW HITPOINT WARNING * * *
You focus on the pain.
You feel your power returning. The fire crab breathes flames at you.
The blast of flame engulfs you. You resist.
You barely miss the fire crab.
You kick the fire crab, but do no damage.
You peck the fire crab, but do no damage.
The fire crab is almost dead.
The fire crab misses you. The fire crab claws you.
* * * LOW HITPOINT WARNING * * *
You are engulfed in flames!
You resist.
You die...

.## #.. ## #########+# #..
#.........# #.. .
#.........#########^. ..
#.........#.......†..
...#.........######<##.. ########
...'....○○...# #.##.. ..'....#
#...○○○...# #.##.. ..#....#
#...@t...÷# #.##.. ..#....#
#..○.°....# #..... ..#....#
#.○.......# ####..
######'##############'#########..
#........8#.........#.........#
#.........#.........###########
#.........#.........###########
#8......).'.........)))....(...
###############################


You could see a fire crab.

Vanquished Creatures
  A two-headed ogre (D:8)
  An unseen horror (D:8)
  2 dream sheep (D:8)
  A hippogriff (D:7)
  A yak (shapeshifter) (D:8)
  A yak (D:8)
  A vampire mosquito (D:8)
  Duvessa (D:6)
  2 ice beasts
  A necrophage (D:8)
  A sky beast (D:7)
  3 ogres
  A centaur (D:7)
  A crocodile (D:8)
  4 big kobolds (D:8)
  Blork the orc (D:6)
  2 bullfrogs
  Dowan (D:6)
  8 wights
  A howler monkey (D:5)
  2 crimson imps
  A bullfrog zombie (D:5)
  A jelly (D:8)
  2 hounds
  A bullfrog skeleton (D:4)
  5 orc priests
  Jessica (D:2)
  An iguana (D:5)
  10 orc wizards
  4 worker ants
  A hound skeleton (D:7)
  Robin (D:2)
  4 gnolls (D:8)
  9 adders
  2 shadow imps
  2 adder skeletons
  An adder zombie (D:8)
  3 worms
  8 dart slugs (D:3)
  7 leopard geckos
  8 orcs
  4 ball pythons
  6 bats
  6 giant cockroaches
  15 goblins
  12 hobgoblins
  11 jackals
  3 quokkas
  8 frilled lizards
  8 kobolds
  4 rats
186 creatures vanquished.

Vanquished Creatures (collateral kills)
  A hydra (D:8)
  Maggie (D:6)
  Prince Ribbit (D:6)
  A yak (D:8)
  A bullfrog (D:7)
  A wight (D:6)
  A crimson imp (D:5)
  A centaur zombie (D:7)
  A hound (D:5)
  An orc wizard (D:5)
  A howler monkey skeleton (D:4)
  An adder (D:5)
  A leopard gecko (D:8)
  4 orcs
  2 goblins (D:2)
  A hobgoblin (D:2)
  A ball python (D:2)
21 creatures vanquished.

Grand Total: 207 creatures vanquished

Notes
Turn   | Place    | Note
-------+----------+-------------------------------------------
     0 | D:1      | solopath the Demonspawn Gladiator began the quest for the
                  | Orb.
     0 | D:1      | Reached XP level 1. HP: 16/16 MP: 1/1
    51 | D:1      | Reached skill level 3 in Long Blades
   121 | D:1      | Gained mutation: A weak demonic guardian rushes to your
                  | aid. [demonic ancestry]
   121 | D:1      | Reached XP level 2. HP: 22/22 MP: 2/2
  1001 | D:2      | Noticed Robin
  1002 | D:2      | Noticed Jessica
  1004 | D:2      | Gained mutation: You sometimes gain a little power by
                  | taking damage. [demonic ancestry]
  1004 | D:2      | Reached XP level 3. HP: 27/27 MP: 3/3
  1007 | D:2      | Killed Jessica
  1007 | D:2      | Reached skill level 4 in Long Blades
  1175 | D:2      | Killed Robin
  1175 | D:2      | Gained mutation: You are partially covered in thin metallic
                  | scales. (AC +2) [demonic ancestry]
  1175 | D:2      | Reached XP level 4. HP: 22/33 MP: 4/4
  1385 | D:2      | Found Gozag's Platinum Reserve.
  1475 | D:2      | Found an opulent altar of Gozag.
  1884 | D:2      | Reached skill level 5 in Long Blades
  2343 | D:2      | Reached XP level 5. HP: 36/38 MP: 5/5
  2462 | D:3      | Found a shattered altar of Ashenzari.
  2512 | D:3      | Found a shimmering blue altar of Sif Muna.
  2696 | D:3      | Found a sparkling altar of Nemelex Xobeh.
  3372 | D:4      | Reached skill level 6 in Long Blades
  3853 | D:4      | Gained mutation: You have large cloven feet. [demonic
                  | ancestry]
  3853 | D:4      | Reached XP level 6. HP: 31/44 MP: 4/6
  3985 | D:4      | Found Musicamn's Armour Emporium.
  4100 | D:4      | Found a bloodstained altar of Trog.
  4296 | D:5      | Entered Level 5 of the Dungeon
  4566 | D:5      | Reached skill level 7 in Long Blades
  4744 | D:5      | Reached XP level 7. HP: 25/50 MP: 5/7
  5003 | D:5      | Found a stormy altar of Qazlal.
  5269 | D:5      | Reached skill level 8 in Long Blades
  5348 | D:5      | Found a snail-covered altar of Cheibriados.
  5367 | D:5      | Found a blossoming altar of Fedhas.
  5754 | D:6      | Noticed Duvessa
  5754 | D:6      | Noticed Dowan
  5766 | D:6      | Killed Duvessa
  5769 | D:6      | Killed Dowan
  5769 | D:6      | Reached skill level 1 in Stealth
  5857 | D:6      | Found an opulent altar of Gozag.
  5925 | D:6      | Noticed Maggie
  5939 | D:6      | HP: 2/51 [Maggie/+2 glaive of venom (3)]
  5940 | D:6      | Killed Maggie
  5940 | D:6      | Reached skill level 9 in Long Blades
  5940 | D:6      | Reached XP level 8. HP: 6/58 MP: 4/8
  6136 | D:6      | Noticed Blork the orc
  6145 | D:6      | Killed Blork the orc
  6380 | D:6      | Noticed Prince Ribbit
  6386 | D:6      | Gained mutation: You have a beak for a mouth. [potion of
                  | mutation]
  6386 | D:6      | Gained mutation: You can translocate small distances at
                  | will. [potion of mutation]
  6393 | D:6      | Killed Prince Ribbit
  6525 | D:7      | Gained mutation: You have a pair of small antennae on your
                  | head. [potion of mutation]
  6525 | D:7      | Gained mutation: Your muscles are strong. (Str +2) [potion
                  | of mutation]
  6972 | D:7      | Found an ornate altar of the Wu Jian Council.
  6978 | D:7      | Gained mutation: You are mostly covered in thin metallic
                  | scales. (AC +3) [demonic ancestry]
  6978 | D:7      | Reached XP level 9. HP: 66/66 MP: 9/9
  7255 | D:7      | Reached skill level 10 in Long Blades
  7348 | D:7      | Reached skill level 1 in Armour
  7573 | D:7      | Reached skill level 5 in Fighting
  7796 | D:7      | Found a staircase to the Ecumenical Temple.
  7803 | Temple   | Entered the Ecumenical Temple
  7857 | Temple   | Became a worshipper of Makhleb the Destroyer
  7974 | D:8      | Reached skill level 1 in Invocations
  8165 | D:8      | Noticed a three-headed hydra
  8186 | D:8      | Killed a three-headed hydra
  8186 | D:8      | Reached skill level 11 in Long Blades
  8186 | D:8      | Reached XP level 10. HP: 61/76 MP: 9/12
  8290 | D:8      | Found Geddelye's Assorted Antiques.
  8301 | D:8      | Bought a scroll labeled GUGYRU ILYRIUM for 24 gold pieces
  8301 | D:8      | Bought a scroll labeled GUGYRU ILYRIUM for 24 gold pieces
  8301 | D:8      | Bought a scroll labeled GUGYRU ILYRIUM for 24 gold pieces
  8301 | D:8      | Bought a scroll labeled OPLESA TAEFY for 24 gold pieces
  8301 | D:8      | Bought a scroll labeled PAACREKLEBB for 24 gold pieces
  8301 | D:8      | Bought 3 scrolls labeled GUGYRU ILYRIUM for 72 gold pieces
  8301 | D:8      | Bought a scroll labeled ENUWAERHAA for 24 gold pieces
  8469 | D:8      | Found a basalt altar of Yredelemnul.
  8638 | D:8      | Noticed a two-headed ogre
  8650 | D:8      | Killed a two-headed ogre
  9161 | D:8      | Noticed a fire crab
  9179 | D:8      | Killed an unseen horror
  9179 | D:8      | Reached skill level 5 in Invocations
  9183 | D:8      | Reached * piety under Makhleb
  9564 | D:8      | HP: 1/77 [fire crab] (5)]
  9569 | D:8      | HP: 1/77 [fire crab] (14)]
  9570 | D:8      | Slain by a fire crab

Illustrated notes

Levels and vault maps discovered:
D:1:      tarquinn_simple_flora_water_b, layout_basic, serial_bayou_lagoon_a,
          lemuel_another_geyser
D:2:      layout_basic, nicolae_gozag_zags_fifth_avenue, uniq_jessica,
          uniq_robin
D:3:      kennysheep_slugbush, layout_basic, nicolae_overflow_crystal_walls,
          nicolae_overflow_hidden_temple, ashenzari_conservatory_becter
D:4:      layout_basic, first_ration, serial_shops, shop, trog_hazing_becter
D:5:      layout_gridville, minitemple, nicolae_qazlal_eye_of_the_storm
D:6:      layout_cave_pools, kennysheep_mini, uniq_blork_the_orc,
          uniq_prince_ribbit1, uniq_duvessa, uniq_maggie
D:7:      lemuel_ice_spiral_2, layout_basic, kennysheep_little_box,
          minmay_temple_entry_enclosed_plants
D:8:      minmay_klotski, layout_loops_ring, overflow_temple_1_default,
          serial_shops, shop, hangedman_ranch [blue_anna_fruit_fields],
          corexii_corridor_pit
Temple:   cyrus_circular_temple

Skill      XL: |  1  2  3  4  5  6  7  8  9 10 |
---------------+-------------------------------+-----
Long Blades    | 3 4 5 6 7 9 11 | 11.6
Stealth        | 2 3 |  3.8
Fighting       | 3 4 5 6 |  6.6
Armour         | 3 4 |  4.2
Invocations    | 3 5 |  5.3
Throwing       | |  1.7
Dodging        | |  2.6

Action                   |  1- 3 |  4- 6 |  7- 9 | 10-12 || total
-------------------------+-------+-------+-------+-------++-------
Melee: Long sword        |    76 |   268 |   290 |   102 ||   736
       Kick              |       |    20 |   112 |    45 ||   177
       Peck              |       |       |    39 |    29 ||    68
Evoke: Wand              |       |       |     8 |     4 ||    12
  Use: Potion            |       |     5 |    10 |     1 ||    16
       Scroll            |       |       |     1 |     3 ||     4
 Stab: Sleeping          |       |     1 |     1 |     1 ||     3
       Distracted        |       |       |     4 |       ||     4
       Invisible         |       |       |     4 |       ||     4
  Eat: Chunk             |     1 |    12 |    11 |     4 ||    28
Armor: Leather armour    |    29 |    99 |    37 |       ||   165
       Swamp dragon scal |       |       |    72 |    30 ||   102
Dodge: Dodged            |    92 |   202 |   151 |    49 ||   494
       Rpst.: Long sword |    23 |    51 |    59 |    12 ||   145
